 Dungeon Crawl Stone Soup version 0.29.1-13-g9f3cf754e1 (webtiles) character file.

Game seed: 17265789117058402219

25 Ayven the Caller (level 2, -1/15 HPs)
             Began as a Deep Elf Summoner on Feb 9, 2023.
             Slain by a jackal (2 damage)
             ... on level 3 of the Dungeon.
             The game lasted 00:05:55 (1231 turns).

Ayven the Caller (Deep Elf Summoner)                Turns: 1231, Time: 00:05:56

Health: -1/15      AC:  2    Str:  5    XL:     2   Next: 86%
Magic:  7/8        EV: 13    Int: 19    God:
Gold:   55         SH:  0    Dex: 15    Spells: 7/8 levels left

rFire   . . .      SeeInvis .   g - +4 dagger (freeze)
rCold   . . .      Faith    .   (no shield)
rNeg    . . .      Spirit   .   a - +0 robe
rPois   .          Reflect  .   (no helmet)
rElec   .          Harm     .   (no cloak)
rCorr   .          Rampage  .   (no gloves)
Will    .....                   (no boots)
Stlth   ++........              (no amulet)
HPRegen 0.05/turn               (no ring)
MPRegen 0.11/turn               (no ring)

@: no status effects
A: no striking features
a: no special abilities


You were on level 3 of the Dungeon.
You visited 1 branch of the dungeon, and saw 3 of its levels.

You collected 55 gold pieces.

Inventory:

Hand Weapons
 g - a +4 dagger of freezing (weapon)
Armour
 a - a +0 robe (worn)
Scrolls
 c - a scroll of enchant weapon {unknown}
 d - a scroll of teleportation {unknown}
 f - a scroll of magic mapping {unknown}
 h - a scroll of identify {unknown}
Potions
 b - a potion of magic
 e - 2 potions of lignification {unknown}
 i - a potion of resistance {unknown}


   Skills:
 + Level 2.7 Dodging
 + Level 2.5 Stealth
 + Level 3.9 Spellcasting
 + Level 4.8 Summonings


You had 7 spell levels left.
You knew the following spells:

 Your Spells              Type           Power      Damage    Failure   Level
a - Summon Small Mammal   Summ           88%        N/A       1%          1

Your spell library contained the following spells:

 Spells                   Type           Power      Damage    Failure   Level
 Call Imp                 Summ           22%        N/A       3%          2
 Call Canine Familiar     Summ           22%        N/A       6%          3
 Summon Guardian Golem    Hex/Summ       12%        N/A       16%         3
 Summon Lightning Spire   Summ/Air       12%        N/A       45%         4


Dungeon Overview and Level Annotations

Branches:
Dungeon (3/15)

Altars:
Qazlal


Message History

2 jackals and a dart slug come into view.
A jackal comes into view.
The jackal barks! x4
A quokka comes into view.
The dart slug launches a dart at you. The slug dart hits you.
The dart slug launches a dart at you. The slug dart misses you.
The dart slug launches a dart at you. The slug dart hits your quokka.
The dart slug briefly extends its eye-stalks.
The jackal bites you. The jackal attacks as you move away!
The jackal barely misses you. The jackal completely misses you.
Something barely misses your quokka. The dart slug launches a dart at you.
The slug dart hits your quokka.
Your quokka dies!
Your quokka's corpse disappears in a puff of smoke!
Your quokka bites the jackal.
Your quokka closely misses the jackal.
The jackal attacks as you move away! The jackal barely misses you.
The jackal bites you.
You are too injured to fight recklessly!
The jackal attacks as you move away! The jackal bites you.
* * * LOW HITPOINT WARNING * * *
The jackal attacks as you move away! The jackal closely misses you.
Your quokka closely misses the jackal.
The jackal bites you.
* * * LOW HITPOINT WARNING * * *
The jackal attacks as you move away! The jackal misses you.
The jackal misses you. The jackal barely misses you.
There is a stone staircase leading down here.
The jackal bites you but does no damage.
The jackal misses you.
You climb downwards.
Found 8 gold pieces and 3 stones.
Found a stormy altar of Qazlal.
There is a stone staircase leading up here.
The jackal bites you but does no damage.
The jackal bites you.
You die...

####### .......
....... .......
....... #
..._§.h##$#####
.......@....ooo
...(§.h##.##o##
....... .o
#...##. ..# #.#
#. ^# . #. ..
#. # #.


You could see an orc wizard (asleep), 4 orcs and 2 jackals.

Vanquished Creatures
  A dart slug (D:1)
  A ball python (D:1)
  A kobold (D:2)
  2 rats
5 creatures vanquished.

Vanquished Creatures (collateral kills)
  2 ball pythons
  A bat (D:1)
  3 giant cockroaches
  6 hobgoblins (D:1)
  3 frilled lizards (D:1)
  A goblin (D:1)
  2 rats
18 creatures vanquished.

Grand Total: 23 creatures vanquished

Notes
Turn   | Place    | Note
-------+----------+-------------------------------------------
     0 | D:1      | Ayven the Deep Elf Summoner began the quest for the Orb.
     0 | D:1      | Reached XP level 1. HP: 10/10 MP: 6/6
   228 | D:1      | Reached XP level 2. HP: 13/15 MP: 6/8
   910 | D:1      | Found a faded altar of an unknown god.
  1230 | D:3      | Found a stormy altar of Qazlal.
  1231 | D:3      | Slain by a jackal

Illustrated notes

Levels and vault maps discovered:
D:1:      dreamdust_arrival_beginning_and_end, layout_rooms,
          hellmonk_ecumenical_altar_blasted
D:2:      layout_rooms
D:3:      layout_loops_ring, worldfamousw_hep_ancestral_shrine,
          nicolae_qazlal_scattered_showers, minmay_misc_feat_pillars,
          minmay_close_crescents

Action                   || total
-------------------------++-------
Melee: Unarmed           ||    28
       Dagger            ||     9
 Cast: Summon Small Mamm ||    33
Armor: Robe              ||    13
Dodge: Dodged            ||    35
